 Dungeon Crawl Stone Soup version 0.18-a0-1180-g64ccc1e (webtiles) character file.

1691 mrath the Digger (level 9, 48/48 HPs)
             Began as a Gargoyle Earth Elementalist on Jan 27, 2016.
             Drowned
             ... in a sewer.
             The game lasted 01:06:43 (8448 turns).

mrath the Digger (Gargoyle Earth Elementalist)      Turns: 8448, Time: 01:06:43

Health: 48/48      AC:  9    Str: 12    XL:     9   Next: 2%
Magic:  19/19      EV: 17    Int: 19    God:
Gold:   193        SH:  0    Dex: 10    Spells: 4 memorised, 10 levels left

rFire  . . .     SeeInvis .     f - +3 whip (drain)
rCold  . . .     Gourm    .     a - +0 robe
rNeg   + . .     Faith    .     (no shield)
rPois  ∞         Spirit   .     (no helmet)
rElec  +         Dismiss  .     (no cloak)
rCorr  .         Reflect  .     e - +1 pair of gloves
SustAt .         Harm     .     (no boots)
MR     .....                    (no amulet)
Stlth  +.........               v - +2 ring of evasion
                                l - +3 ring of evasion

@: not resistant to hostile enchantments, very unstealthy
A: negative energy resistance 1, electricity resistance, unbreathing,
petrification resistance, rot immunity, AC +5
a: no special abilities


You were in a sewer.
You were not hungry.

You visited 1 branch of the dungeon, and saw 6 of its levels.
You also visited: Sewer.

You collected 193 gold pieces.

Inventory:

Hand Weapons
 f - a +3 whip of draining (weapon)
 h - a +0 hand axe
 A - a +2 dagger of venom
 C - a +0 war axe
 F - a +0 shortbow
 K - a +0 hunting sling
 O - a +0 blowgun
Missiles
 b - 41 stones (quivered)
 p - 48 sling bullets
 q - 28 steel sling bullets
 B - 35 poisoned needles
 G - 9 arrows of frost
 J - 49 arrows
Armour
 a - a +0 robe (worn)
 e - a +1 pair of gloves (worn)
 o - a +1 leather armour of cold resistance
Jewellery
 l - a +3 ring of evasion (left hand)
 v - a +2 ring of evasion (right hand)
 y - an uncursed ring of protection from cold
Wands
 g - a wand of flame (5/48)
 x - a wand of cold (7/15)
 H - a wand of slowing (29/48)
Scrolls
 j - 4 scrolls of immolation
 k - a scroll of fear {unknown}
 n - a scroll of amnesia
 r - 4 scrolls of remove curse {unknown}
 t - 2 scrolls of noise {unknown}
 u - 4 scrolls of identify
 D - a scroll of enchant armour {unknown}
 L - a scroll of recharging {unknown}
 M - a scroll of holy word {unknown}
Potions
 i - a potion of lignification {unknown}
 m - 3 potions of flight
 s - 7 potions of curing
 z - a potion of cancellation {unknown}
 E - a potion of berserk rage
 I - a potion of ambrosia {unknown}
 N - 2 potions of heal wounds {unknown}
 P - 5 potions of might {unknown}
 Q - 2 potions of agility {unknown}
 S - a potion of brilliance {unknown}
Books
 c - a book of Geomancy

   Spells                             Type                      Level
   a - Sandblast                      Earth                        1
   b - Stoneskin                      Transmutation/Earth          2
   c - Passwall                       Transmutation/Earth          3
   d - Stone Arrow                    Conjuration/Earth            3
   e - Petrify                        Transmutation/Earth          4
   f - Lee's Rapid Deconstruction     Earth                        5
Comestibles
 d - 4 bread rations
 w - 3 meat rations
 R - 3 chunks of flesh


   Skills:
 + Level 2.2 Fighting
 + Level 1.7 Maces & Flails
 + Level 2.2 Armour
 + Level 2.5 Dodging
 - Level 2.1 Stealth
 * Level 6.7 Spellcasting
 + Level 5.0 Conjurations
 - Level 0.7 Transmutations
 + Level 7.0 Earth Magic
 + Level 1.5 Evocations


You had 10 spell levels left.
You knew the following spells:

 Your Spells              Type           Power        Failure   Level  Hunger
a - Sandblast             Erth           ####..       1%          1    None
b - Stoneskin             Trmt/Erth      ###.....     3%          2    None
c - Stone Arrow           Conj/Erth      ####..       2%          3    ##.....
d - Lee's Rapid Deconstr  Erth           ####......   17%         5    #####..


Dungeon Overview and Level Annotations

Branches:
Dungeon (6/15)
 Temple: D:4-7

Altars:
Makhleb
Nemelex Xobeh

Annotations:
D:3 Grinder
D:5 tasslehoff34's ghost, novice DsGl


Innate Abilities, Weirdness & Mutations

You are resistant to torment.
Your stone body is resilient (AC +5).
You are immune to poison.
You resist negative energy.
You are resistant to electric shocks.
You can survive without breathing.
You are immune to petrification.
You are immune to rotting.


Message History

P - 5 bubbling puce potions (gained 1)
j - 4 scrolls of immolation (gained 3)
There is an open door here.
You see here a kobold corpse.
Eat one of 4 chunks of flesh? (ye/n/q/i?) This raw flesh tastes terrible.
You continue eating. x2
b - 37 stones (gained 1)
b - 38 stones (gained 1)
b - 41 stones (gained 3)
You enter the shallow water.
Moving in this stuff is going to be slow.
Drink which item? (? for menu, Esc to quit)
You feel very buoyant.
You fly up into the air.
Careful!
You are starting to lose your buoyancy.
You float gracefully downwards.
You fall into the water!
You sink like a stone!
You fall apart...
You die...

#....≈≈≈≈≈≈≈≈≈≈....##
#.....≈≈≈≈≈≈≈≈≈....#
###)###≈#≈#≈####'###
#..)).##≈#≈#≈#.....#
#.....#≈#≈#≈##..)..#
##...###≈#≈#≈##...##
#.....#≈#≈#≈##.....#
#..#..##≈#≈#≈#..#..#
#######≈≈≈≈≈@###############
≈≈≈≈≈≈≈≈≈≈≈≈≈≈≈≈≈≈≈≈≈≈≈≈≈≈≈≈#
≈≈≈≈≈≈≈≈≈≈≈≈≈≈≈≈≈≈≈≈≈≈≈≈≈≈≈≈≈≈#
################################


There were no monsters in sight!

Vanquished Creatures
  Eustachio (D:6)
  A sky beast (D:4)
  An ice beast (D:5)
  An ogre (D:5)
  A phantom (D:4)
  2 centaurs (D:5)
  2 big kobolds (Sewer)
  A scorpion (D:5)
  5 crimson imps
  2 hounds
  2 centaur skeletons
  3 orc wizards
  Natasha (thrice) (D:3)
  3 worker ants
  A worker ant zombie (D:6)
  7 adders
  3 gnolls
  5 river rats (Sewer)
  4 shadow imps
  5 oozes
  A worm (D:5)
  5 giant geckos
  16 orcs
  4 giant cockroaches
  6 goblins
  7 hobgoblins
  4 jackals (D:1)
  A quokka (D:4)
  6 ball pythons
  8 bats
  A giant gecko skeleton (D:5)
  3 giant newts
  22 kobolds
  A quokka skeleton (D:5)
  32 rats
170 creatures vanquished.

Notes
Turn   | Place    | Note
--------------------------------------------------------------
     0 | D:1      | mrath the Gargoyle Earth Elementalist began the quest for the Orb.
     0 | D:1      | Reached XP level 1. HP: 10/10 MP: 3/3
   274 | D:1      | Reached XP level 2. HP: 10/15 MP: 0/5
   432 | D:1      | Learned a level 2 spell: Stoneskin
   633 | D:1      | Reached skill level 4 in Earth Magic
   755 | D:1      | Reached XP level 3. HP: 16/19 MP: 0/7
   933 | D:1      | Learned a level 3 spell: Stone Arrow
  1611 | D:2      | Reached XP level 4. HP: 22/24 MP: 5/8
  1762 | D:2      | Reached skill level 1 in Conjurations
  2352 | D:2      | Found a sparkling altar of Nemelex Xobeh.
  2461 | D:3      | Noticed Grinder
  2613 | D:3      | Reached XP level 5. HP: 26/28 MP: 5/10
  2817 | D:3      | Noticed Natasha
  2820 | D:3      | Killed Natasha
  2820 | D:3      | Reached skill level 5 in Earth Magic
  3062 | D:3      | Noticed Natasha
  3076 | D:3      | Killed Natasha
  3318 | D:3      | Noticed Natasha
  3421 | D:3      | Killed Natasha
  3515 | D:3      | Paralysed by Grinder for 5 turns
  3528 | D:3      | Paralysed by Grinder for 6 turns
  3545 | D:3      | Paralysed by Grinder for 4 turns
  3861 | D:4      | Reached XP level 6. HP: 32/32 MP: 10/12
  4605 | D:4      | Found a burning altar of Makhleb.
  4649 | D:4      | Learned a level 5 spell: Lee's Rapid Deconstruction
  4652 | D:5      | Entered Level 5 of the Dungeon
  4652 | D:5      | Noticed an ice beast
  4836 | D:4      | Noticed a phantom
  4871 | D:4      | Killed a phantom
  4871 | D:4      | Reached skill level 5 in Spellcasting
  4871 | D:4      | Reached XP level 7. HP: 27/36 MP: 6/14
  5082 | D:5      | Reached skill level 6 in Earth Magic
  5322 | D:5      | Noticed tasslehoff34's ghost (novice DsGl)
  5538 | D:5      | Reached XP level 8. HP: 41/41 MP: 8/17
  6478 | D:4      | Reached skill level 1 in Fighting
  6588 | D:4      | Reached skill level 1 in Armour
  7232 | D:6      | Reached skill level 1 in Maces & Flails
  7232 | D:6      | Reached skill level 1 in Evocations
  7392 | D:6      | Noticed Eustachio
  7398 | D:6      | Killed Eustachio
  7509 | D:6      | Found a glowing drain.
  7516 | Sewer    | Entered a sewer
  7861 | Sewer    | Reached skill level 7 in Earth Magic
  8014 | Sewer    | Reached XP level 9. HP: 45/48 MP: 16/19
  8124 | Sewer    | Reached skill level 5 in Conjurations
  8448 | Sewer    | Drowned

Vault maps used:
D:1:      dpeg_arrival_water_temple_mockup
D:2:      first_bread, nemelex_dance_club_becter
D:3:      lemuel_round_altar, serial_glass, glass_columns_b, glass_columns_a,
          uniq_iyjb, uniq_natasha, uniq_grinder
D:4:      makhleb_blood_cavern_becter
D:6:      kennysheep_mini_moat, lightli_sewer_entry_pipes, uniq_eustachio,
          uniq_prince_ribbit1, uniq_menkaure
Sewer:    sewer_minmay_treatment

Action                   |  1- 3 |  4- 6 |  7- 9 || total
-------------------------+-------+-------+-------++-------
Melee: Hand axe          |     4 |       |       ||     4
       Whip              |     4 |    94 |   173 ||   271
 Fire: Shortbow          |       |       |    39 ||    39
       Blowgun           |       |       |     4 ||     4
Throw: Stone             |     3 |       |       ||     3
 Cast: Sandblast         |    47 |    79 |   175 ||   301
       Stoneskin         |       |     1 |     2 ||     3
       Stone Arrow       |       |       |    10 ||    10
  Use: Scroll            |       |       |     9 ||     9
       Potion            |       |       |     1 ||     1
 Stab: Sleeping          |       |     2 |     1 ||     3
  Eat: Chunk             |     2 |    10 |     8 ||    20
       Bread ration      |       |       |     1 ||     1
